AoeStats
← [CL] Al3jandr0.magn00

Arabia

503521396Analyzed
1v1 RM · 1mo ago on Sep 1, 2026· 47m 19s· 2 players
Game mode
Random Map
Map size
Tiny (2 player)
Population
200
Speed
Normal
Resources
Standard
Victory
Conquest
Starting age
Dark Age
Ending age
Imperial Age
RankedLock teamsTeams togetherTeam positionsShared explorationLock speedFull tech treeHidden civsTurbo modeCheats
Victory
Defeat
🇧🇷 Tupi · Brazil
1910
+17
🇦🇷 Burmese · Argentina
1938
-17
p4rtY3oY
1:13 Loom
11:25 Feudal Age
12:08 Double-Bit Axe
12:59 Horse Collar
18:59 Fletching
23:26 Wheelbarrow
26:41 Castle Age
24:48 Gold Mining
25:59 Padded Archer Armor
27:52 Bodkin Arrow
29:27 Leather Archer Armor
34:46 Bow Saw
35:50 Heavy Plow
37:12 Ballistics
39:58 Town Watch
44:33 Imperial Age
42:23 Hand Cart
41:37 Champi Runner
42:27 Champi Warrior
43:08 Squires
43:09 Scale Mail Armor
43:19 Forging
43:03 Treadmill Crane
44:23 Caciques
44:21 Town Watch
44:57 Guard Tower
45:21 Bracer
44:56 Capped Ram
47:01 Chemistry
46:19 Chain Mail Armor
48:11 Plate Mail Armor
[CL] Al3jandr0.magn00
2:26 Loom
10:21 Feudal Age
10:31 Man-at-Arms
15:54 Fletching
24:02 Castle Age
23:16 Horse Collar
24:44 Bodkin Arrow
24:15 Crossbowman
36:31 Wheelbarrow
35:41 Town Watch
37:00 Ballistics
37:35 Town Watch
38:31 Padded Archer Armor
38:40 Elite Skirmisher
45:13 Imperial Age
45:38 Heavy Plow
46:16 Bracer
46:47 Conscription
47:42 Scale Barding Armor
48:02 Bloodlines
47:13 Cavalier
Connection lost

Rejoining the realm…

Still unreachable

The connection could not be restored.

Session expired

The server has moved on; the page needs a fresh start.